 Dungeon Crawl Stone Soup version 0.27.1-34-g3ba077fa99 (webtiles) character file.

Game seed: 18249524155345466836

8485 multipassport the Covert (level 11, -1/72 HPs)
             Began as a Gargoyle Brigand on Jan 16, 2022.
             Was a Priest of Ru.
             Slain by an apocalypse crab (2 damage)
             ... on level 2 of the Abyss.
             The game lasted 00:50:16 (12139 turns).

multipassport the Covert (Gargoyle Brigand)        Turns: 12139, Time: 00:50:17

Health: -1/72      AC: 15    Str: 15    XL:     11   Next: 31%
Magic:  1/9        EV: 20    Int: 12    God:    Ru [***...]
Gold:   422        SH:  0    Dex: 30    Spells: 5/10 levels left

rFire    . . .     SeeInvis .   y - +2 dagger (elec)
rCold    . . .     Faith    .   (no shield)
rNeg     + . .     Spirit   .   G - +1 steam dragon scales
rPois    ∞         Reflect  .   (no helmet)
rElec    +         Harm     .   c - +0 cloak
rCorr    +         Rampage  .   (no gloves)
Will     .....                  (no boots)
Stlth    ++++++....             a - amulet of Sagiahil {rElec Regen+ Dex+3}
HPRegen  1.22/turn              i - +6 ring of dexterity
MPRegen  0.11/turn              j - ring "Jietirphu" {rCorr Dex+7}

@: about to teleport
A: sickness immunity, AC +8, low mp 1, negative energy resistance 1, electricity
resistance, torment resistance 1, petrification resistance, inability to use
devices, no earth magic, no necromancy magic, no transmutations magic
a: Renounce Religion, Draw Out Power


You were on level 2 of the Abyss.
You worshipped Ru.
Ru was most pleased with you.
You visited 2 branches of the dungeon, and saw 10 of its levels.
You visited the Abyss 1 time.
You also visited: Sewer.

You collected 1197 gold pieces.
You spent 775 gold pieces at shops.

Inventory:

Hand Weapons
 y - a +2 dagger of electrocution (weapon)
Missiles
 d - 18 poisoned darts (quivered)
 e - 8 curare-tipped darts
Armour
 b - a +0 robe
 c - a +0 cloak (worn)
 z - a scarf of invisibility
 G - +1 steam dragon scales (worn)
Jewellery
 a - the amulet of Sagiahil (around neck) {rElec Regen+ Dex+3}
   (You took it off an orc on level 9 of the Dungeon)

   [amulet of regeneration]

   Dex:       It affects your dexterity (+3).
   rElec:     It insulates you from electricity.
   Regen:     It increases your rate of health regeneration.
 f - a ring of wizardry
 g - an amulet of guardian spirit
 i - a +6 ring of dexterity (left hand)
 j - the ring "Jietirphu" (right hand) {rCorr Dex+7}
   (You bought it in a shop on level 9 of the Dungeon)

   [ring of resist corrosion]

   Dex:       It affects your dexterity (+7).
   rCorr:     It protects you from acid and corrosion.
 n - a ring of magical power
 w - a ring of resist corrosion
 C - an amulet of magic regeneration
 D - an amulet of faith
Scrolls
 h - a scroll of magic mapping
 k - 2 scrolls of teleportation
 q - a scroll of fear
 v - 7 scrolls of identify
 E - a scroll of silence {unknown}
Potions
 l - 2 potions of flight
 m - a potion of magic
 o - 2 potions of haste
 p - 3 potions of degeneration {unknown}
 r - a potion of invisibility
 s - a potion of resistance
 t - a potion of cancellation
 u - 4 potions of might
 x - 2 potions of brilliance
 A - a potion of ambrosia {unknown}
 B - a potion of mutation {unknown}


   Skills:
 + Level 9.7 Fighting
 + Level 8.2 Short Blades
 - Level 1.7 Throwing
 + Level 7.3 Dodging
 + Level 11.1 Stealth


You had 5 spell levels left.
You knew the following spells:

 Your Spells              Type           Power      Damage    Failure   Level
a - Passwall              Tmut/Erth      0%         N/A       45%         2
b - Swiftness             Air            0%         N/A       69%         3

Your spell library contained the following spells:

 Spells                   Type           Power      Damage    Failure   Level
 Olgreb's Toxic Radiance  Pois           0%         N/A       97%         4
 Invisibility             Hex            0%         N/A       100%        6
 Ozocubu's Refrigeration  Ice            0%         4d5       100%        7
 Ignition                 Fire           0%         3d3       100%        8


Dungeon Overview and Level Annotations

Branches:
Dungeon (9/15)             Temple (1/1) D:7            Lair (0/6) D:8
  Sewer (visited)
    Orc: D:9-12

Altars:
Dithmenos
Elyvilon
Nemelex Xobeh
Ru
Vehumet
Wu Jian
Xom
Beogh

Shops:
D:9 [=***

Annotations:
D:9 3 runed translucent doors, Palewisp's ghost, journeyman FoFi


Innate Abilities, Weirdness & Mutations

You are immune to sickness and miasma.
Your stone body is resilient. (AC +8)
You are immune to poison.
Your magical capacity is low. (-10% MP)
You resist negative energy. (rN+)
You are resistant to electric shocks. (rElec)
You are resistant to unholy torment.
You are immune to petrification.
You cannot study or use magical devices.
You cannot study or cast Earth magic.
You cannot study or cast Necromancy magic.
You cannot study or cast Transmutations magic.


Message History

The apocalypse crab claws you!
You are engulfed in flames!
You closely miss the apocalypse crab. The apocalypse crab closely misses you.
The apocalypse crab claws you but does no damage.
You hit the apocalypse crab but do no damage.
A spatial vortex comes into view.
You hit the apocalypse crab but do no damage.
The apocalypse crab bites you. The apocalypse crab freezes you!!
You focus your inner power and illuminate the apocalypse crab in retribution!
The apocalypse crab misses you.
You hit the apocalypse crab but do no damage.
As you read the scroll of teleportation, it crumbles to dust.
You feel strangely unstable.
You feel the power of the Abyss delaying your translocation!
The apocalypse crab closely misses you. The apocalypse crab barely misses you.
You hit the apocalypse crab but do no damage.
A spatial maelstrom comes into view.
The apocalypse crab closely misses you.
The apocalypse crab completely misses you.
A spatial vortex comes into view.
You hit the apocalypse crab.
The apocalypse crab is lightly wounded.
A spatial vortex comes into view.
The apocalypse crab bites you.
You feel your power leaking away.
The apocalypse crab claws you but does no damage.
A spatial vortex comes into view.
The starcursed mass shrieks in your mind.
A spatial vortex comes into view.
The spatial maelstrom hits you!
* * * LOW HITPOINT WARNING * * *
Space bends around you.
* * * LOW HITPOINT WARNING * * *
The spatial maelstrom hits you!
* * * LOW HITPOINT WARNING * * *
You blink.
A spatial vortex comes into view.
The apocalypse crab misses you. The apocalypse crab claws you!
* * * LOW HITPOINT WARNING * * *
The apocalypse crab shocks you. You resist.
You die...

.... #.# .# .. #
....# .. #...# #.v
.....# ..## #.##
♣#.#... # ..##♣
♣♣.....#. .#
...'.♣♣♣♣...#v...
.##...#♣v.#@..v...v.
.## ###♣#♣..t.......
#. ♣♣.v♣#.#... ##X§#
'... #### ..


You could see a starcursed mass, a spatial maelstrom, 4 spatial vortices and an
apocalypse crab (corona).

Vanquished Creatures
  A centaur warrior (D:9)
  2 two-headed ogres
  Pikel (D:4)
  A smoke demon (Abyss:2)
  2 trolls (D:9)
  2 hornets
  3 slime creatures (Abyss:2)
  4 yaks (D:9)
  A vampire mosquito (D:9)
  A steam dragon (D:8)
  A hornet zombie (D:8)
  3 orc warriors
  3 sky beasts
  2 black bears
  An ice beast (D:6)
  5 centaurs
  2 kobold brigands
  Blork the orc (D:6)
  2 bullfrogs
  A wyvern zombie (D:7)
  2 gnoll sergeants
  2 scorpions
  10 killer bees
  A water moccasin skeleton (D:5)
  A howler monkey (D:6)
  A bullfrog zombie (D:5)
  5 hounds
  An orc priest (D:8)
  2 centaur skeletons
  A gnoll shaman (D:5)
  3 jellies
  Crazy Yiuf (D:4)
  4 bullfrog skeletons
  An iguana (D:6)
  7 orc wizards
  2 killer bee zombies
  A hound skeleton (D:4)
  A howler monkey zombie (D:9)
  7 adders
  13 gnolls
  A shadow imp (D:6)
  A white imp (D:8)
  2 adder skeletons
  3 worms
  A dart slug (D:1)
  24 orcs
  7 endoplasms
  8 giant cockroaches
  4 goblins
  8 hobgoblins
  8 jackals (Sewer)
  6 quokkas
  5 ball pythons
  8 bats
  13 frilled lizards
  22 kobolds
  3 rats
229 creatures vanquished.

Vanquished Creatures (others)
  A steam dragon (D:9)
  2 orcs
  A kobold (Sewer)
  A bat (D:3)
  17 plants
22 creatures vanquished.

Grand Total: 251 creatures vanquished

Notes
Turn   | Place    | Note
-------+----------+-------------------------------------------
     0 | D:1      | multipassport the Gargoyle Brigand began the quest for the
                  | Orb.
     0 | D:1      | Reached XP level 1. HP: 12/12 MP: 1/1
    60 | D:1      | Reached skill level 1 in Dodging
    96 | D:1      | Reached XP level 2. HP: 18/18 MP: 2/2
  1109 | D:2      | Reached XP level 3. HP: 22/22 MP: 3/3
  1495 | D:2      | Found a faded altar of an unknown god.
  1504 | D:2      | Became a worshipper of Ru the Awakened
  1526 | D:2      | Gained mutation: You cannot study or use magical devices.
                  | [Ru sacrifice]
  1526 | D:2      | Reached * piety under Ru
  1526 | D:2      | Reached ** piety under Ru
  2172 | D:3      | Found a sparkling altar of Nemelex Xobeh.
  2178 | D:3      | Reached XP level 4. HP: 27/27 MP: 4/4
  2389 | D:3      | Reached skill level 5 in Stealth
  2512 | D:3      | Found a glowing drain.
  2523 | Sewer    | Entered a sewer
  2783 | Sewer    | Reached XP level 5. HP: 32/32 MP: 5/5
  4371 | D:4      | Reached XP level 6. HP: 30/38 MP: 3/6
  4474 | D:4      | Found a runed translucent door.
  4475 | D:4      | Noticed Crazy Yiuf
  4545 | D:4      | Noticed Pikel
  4560 | D:4      | Killed Pikel
  4561 | D:4      | Reached skill level 6 in Stealth
  4561 | D:4      | Reached XP level 7. HP: 44/44 MP: 5/7
  4985 | D:4      | Reached skill level 5 in Fighting
  5180 | D:4      | Killed Crazy Yiuf
  5408 | D:5      | Entered Level 5 of the Dungeon
  5485 | D:4      | Reached XP level 8. HP: 7/49 MP: 2/8
  5823 | D:5      | Reached skill level 7 in Stealth
  6595 | D:5      | Reached skill level 5 in Short Blades
  6910 | D:5      | Learned a level 2 spell: Passwall
  6914 | D:5      | Learned a level 3 spell: Swiftness
  6914 | D:5      | Gained mutation: You cannot study or cast Earth magic. [Ru
                  | sacrifice]
  6914 | D:5      | Gained mutation: You cannot study or cast Transmutations
                  | magic. [Ru sacrifice]
  6914 | D:5      | Gained mutation: You cannot study or cast Necromancy magic.
                  | [Ru sacrifice]
  6914 | D:5      | Reached *** piety under Ru
  7050 | D:6      | Noticed Blork the orc
  7063 | D:6      | Killed Blork the orc
  7064 | D:6      | Reached skill level 8 in Stealth
  7064 | D:6      | Reached XP level 9. HP: 54/56 MP: 7/9
  7941 | D:7      | Found a staircase to the Ecumenical Temple.
  8018 | D:6      | Reached skill level 5 in Dodging
  8490 | Temple   | Entered the Ecumenical Temple
  8679 | D:7      | Noticed a two-headed ogre
  9039 | D:7      | Killed a two-headed ogre
  9040 | D:7      | Reached skill level 9 in Stealth
  9040 | D:7      | Reached XP level 10. HP: 37/64 MP: 6/10
  9605 | D:8      | Found a staircase to the Lair.
 10213 | D:8      | Gained mutation: Your magical capacity is low. (-10% MP)
                  | [Ru sacrifice]
 10339 | D:9      | Found Romikhloh's Antique Armour Shop.
 10348 | D:9      | Identified a scroll of acquirement
 10348 | D:9      | Acquired 746 gold pieces
 10475 | D:9      | Noticed a two-headed ogre
 10480 | D:9      | Reached skill level 10 in Stealth
 10491 | D:9      | Killed a two-headed ogre
 10509 | D:9      | Found a radiant altar of Vehumet.
 10509 | D:9      | Found an ornate altar of the Wu Jian Council.
 10588 | D:9      | Found a shadowy altar of Dithmenos.
 10591 | D:9      | Found a white marble altar of Elyvilon.
 10726 | D:9      | Found Hykheew's Assorted Antiques.
 10759 | D:9      | Bought 2 potions of might for 192 gold pieces
 10761 | D:9      | Found Ahoulus's General Store.
 10911 | D:9      | Found Aluqe's Assorted Antiques.
 10918 | D:9      | Found Jerenkad's Jewellery Shoppe.
 10995 | D:9      | Reached XP level 11. HP: 48/71 MP: 7/9
 11171 | D:9      | Found a runed translucent gate.
 11171 | D:9      | Noticed Palewisp's ghost (journeyman FoFi)
 11172 | D:9      | Found a runed translucent gate.
 11173 | D:9      | Found a runed translucent gate.
 11175 | D:9      | Identified the +3 plate armour of Virimy {Rampage}
 11219 | D:9      | Identified the amulet of Sagiahil {rElec Regen+ Dex+3}
 11262 | D:9      | Noticed a two-headed ogre
 11268 | D:9      | Found a shimmering altar of Xom.
 11268 | D:9      | Noticed a cyclops
 11535 | D:9      | Bought the ring "Jietirphu" {rCorr Dex+7} for 583 gold
                  | pieces
 11587 | D:9      | Noticed a centaur warrior
 11701 | D:9      | Noticed a four-headed hydra
 11726 | D:9      | Noticed a rakshasa
 11750 | D:9      | Noticed a centaur warrior
 11827 | D:9      | Killed a centaur warrior
 11995 | D:9      | Cast into level 2 of the Abyss (rakshasa)
 12024 | Abyss:2  | Reached skill level 11 in Stealth
 12069 | Abyss:2  | Noticed a starcursed mass
 12135 | Abyss:2  | Noticed a spatial maelstrom
 12139 | Abyss:2  | HP: 1/72 [apocalypse crab (8)]
 12139 | Abyss:2  | Slain by an apocalypse crab

Illustrated notes

Levels and vault maps discovered:
D:1:      amcnicky_arrival_wind_blow, layout_basic, feat_on_display
D:2:      layout_basic, hellmonk_ecumenical_altar_heavens_door
D:3:      minmay_angry_zag, layout_basic, nemelex_dance_club_becter,
          cheibrodos_sewer_entry_bend, serial_bayou, serial_bayou_lake_a,
          serial_bayou_pond_e, serial_bayou_shore_b, serial_bayou_pond_c,
          kennysheep_generic_room_8
D:4:      layout_basic, uniq_crazy_yiuf_cottage, uniq_pikel
D:5:      layout_loops_ring, minmay_increasing_density
D:6:      layout_rooms, kennysheep_boxes, uniq_blork_the_orc
D:7:      layout_rooms, minmay_temple_entry_drinking_statues
D:8:      layout_loops_cross, lair_entry_dummy
D:9:      minmay_the_grid_octo_2x2 [minmay_the_grid_octo_toaster,
          minmay_the_grid_octo_shrine, minmay_the_grid_octo_checkerflower,
          minmay_the_grid_octo_prize_square_snowflake], layout_basic,
          grunt_temple_overflow_cloverleaf, serial_shops, shop,
          nicolae_shop_overgrown_old_shop, shop, shop, shop,
          biasface_ghost_orc_armoury
Temple:   regret_index_temple_sphere_string
Abyss:2:  base: D:4, evilmike_abyss_exit_16, hangedman_abyss_sting

Skill      XL: |  1  2  3  4  5  6  7  8  9 10 11 |
---------------+----------------------------------+-----
Dodging        | 1 2 3 4 5 6 7 |  7.3
Short Blades   | 2 3 4 5 6 7 8 |  8.2
Fighting       | 3 4 5 6 7 9 |  9.7
Stealth        | 5 6 8 9 10 11 | 11.1
Throwing       | |  1.7

Action                   |  1- 3 |  4- 6 |  7- 9 | 10-12 || total
-------------------------+-------+-------+-------+-------++-------
Melee: Dagger            |   110 |   236 |   379 |   347 ||  1072
       Unarmed           |       |       |     3 |       ||     3
Throw: Dart              |       |       |    19 |     7 ||    26
Invok: Sacrifice Artific |     1 |       |       |       ||     1
       Sacrifice Arcana  |       |       |     1 |       ||     1
       Sacrifice Essence |       |       |       |     1 ||     1
  Use: Scroll            |       |    10 |     2 |     7 ||    19
       Potion            |       |     5 |     2 |       ||     7
 Stab: Sleeping          |    11 |    12 |     8 |    11 ||    42
       Distracted        |     1 |     2 |     3 |     3 ||     9
       Invisible         |       |       |       |     2 ||     2
Armor: Robe              |    43 |    51 |    89 |    13 ||   196
       Steam dragon scal |       |       |       |    48 ||    48
Dodge: Dodged            |    63 |    88 |   228 |   171 ||   550
